 Dungeon Crawl Stone Soup version 0.25-a0-413-g3b4b6a4ccc (webtiles) character file.

Game seed: 17745494933070802522, levelgen mode: deterministic

12206 MisterFreud the Magician (level 11, -2/121 HPs)
             Began as a Gnoll Venom Mage on Jan 16, 2020.
             Was a Believer of Ru.
             Splashed by an acid dragon's acid (9 damage)
             ... on level 11 of the Dungeon.
             The game lasted 00:41:25 (12843 turns).

MisterFreud the Magician (Gnoll Venom Mage)        Turns: 12843, Time: 00:41:26

Health: -2/121     AC: 17    Str: 11    XL:     11   Next: 89%
Magic:  17/22      EV:  2    Int: 26    God:    Ru [**....]
Gold:   717        SH:  7    Dex: 17    Spells: 14/25 levels left

rFire    x . .     SeeInvis .   E - +7 trident of Udghun {pierce, +Rage rF- rC+ Dex+2}
rCold    + . .     Gourm    .   i - +1 buckler
rNeg     + + +     Faith    .   (armour currently unavailable)
rPois    +         Spirit   .   (helmet currently unavailable)
rElec    .         Reflect  .   (cloak currently unavailable)
rCorr    .         Harm     .   (gloves currently unavailable)
MR       .....     NoTele   +   (boots currently unavailable)
Stlth    ++++......             (no amulet)
HPRegen  0.30/turn              D - +5 ring of intelligence
MPRegen  0.18/turn              L - ring of flight

@: tree-form, corroded
A: distributed training, unskilled 1, strong nose
a: Renounce Religion, Evoke Berserk Rage


You were on level 11 of the Dungeon.
You worshipped Ru.
Ru was pleased with you.
You were very hungry.
You were a tree.
You visited 2 branches of the dungeon, and saw 13 of its levels.
You also visited: Bailey.

You collected 717 gold pieces.

Inventory:

Hand Weapons
 E - the +7 trident of Udghun (weapon) {pierce, +Rage rF- rC+ Dex+2}
   (You took it off an orc on level 5 of the Dungeon)

   It inflicts extra damage upon your enemies.
   It affects your dexterity (+2).
   It makes you vulnerable to fire.
   It protects you from cold.
   It lets you go berserk.
 K - a +4 rapier
Missiles
 f - 555 stones (quivered)
 g - 40 boomerangs
 h - 73 poisoned darts
 k - 209 arrows
 m - 50 sling bullets
 r - 5 atropa-tipped darts
 A - 134 bolts
 I - 4 throwing nets
 V - 5 silver javelins
Armour
 a - the +2 robe "Jit Nes" (melded) {rCorr}
   (You found it on level 6 of the Dungeon)

   It provides partial protection from all sources of acid and corrosion.
 e - a +2 pair of gloves (melded)
 i - a +1 buckler (worn)
 w - a scarf of cloud immunity (melded)
 y - the -2 hat of the Alchemist (melded) {rElec rPois rF+ rC+ rN+ MR+ rMut rCorr}
   (You found it on level 9 of the Dungeon)

   It protects you from fire.
   It protects you from cold.
   It insulates you from electricity.
   It protects you from poison.
   It protects you from negative energy.
   It affects your resistance to hostile enchantments.
   It provides partial protection from all sources of acid and corrosion.
   It protects you from mutation.
 N - the +9 scales of the Dragon King {rPois rF+ rC+ MR+}
   (You took it off a kobold in a bailey)

   It protects you from fire.
   It protects you from cold.
   It protects you from poison.
   It affects your resistance to hostile enchantments.
 X - a +0 cloak of poison resistance
Jewellery
 D - a +5 ring of intelligence (left branch)
 F - a +2 ring of evasion
 H - an uncursed ring of poison resistance
 L - a ring of flight (right branch)
Wands
 s - a wand of random effects (12)
 M - a wand of clouds (3)
 Q - a wand of flame (24)
Scrolls
 t - 3 scrolls of enchant armour
 u - 3 scrolls of immolation
 z - 3 scrolls of fog
 O - 2 scrolls of teleportation
 R - a scroll of fear
 S - 7 scrolls of remove curse
 U - a scroll of amnesia
Potions
 b - a potion of heal wounds
 d - 3 potions of agility
 j - 5 potions of degeneration
 l - 4 potions of lignification
 n - a potion of berserk rage {unknown}
 o - 7 potions of curing
 p - 6 potions of brilliance
 q - 6 potions of haste
 v - 3 potions of cancellation
 B - 2 potions of might {unknown}
 C - a potion of flight {unknown}
 G - a potion of mutation {unknown}
 J - a potion of invisibility {unknown}
Miscellaneous
 P - a box of beasts
 T - a lightning rod (4/4)
Comestibles
 c - 31 rations


   Skills:
 + Level 6.0 Fighting
 + Level 6.0 Short Blades
 + Level 6.0 Long Blades
 + Level 6.0 Axes
 + Level 6.0 Maces & Flails
 + Level 6.0 Polearms
 + Level 6.0 Staves
 + Level 6.0 Slings
 + Level 6.0 Bows
 + Level 6.0 Crossbows
 + Level 6.0 Throwing
 + Level 6.0 Armour
 + Level 7.4 Dodging
 + Level 7.2 Stealth
 + Level 6.0 Shields
 + Level 6.0 Unarmed Combat
 + Level 7.6 Spellcasting
 + Level 5.0 Conjurations
 + Level 5.0 Hexes
 + Level 5.0 Charms
 + Level 5.0 Summonings
 + Level 5.0 Necromancy
 + Level 5.0 Translocations
 + Level 5.4 Transmutations
 + Level 5.0 Fire Magic
 + Level 5.0 Ice Magic
 + Level 5.0 Air Magic
 + Level 5.0 Earth Magic
 + Level 7.1 Poison Magic
 + Level 6.6 Invocations
 + Level 6.0 Evocations


You had 14 spell levels left.
You knew the following spells:

 Your Spells              Type           Power        Failure   Level  Hunger
a - Sting                 Tmut/Pois      ####         1%          1    None
b - Poisonous Vapours     Pois/Air       #####.       1%          2    None
c - Mephitic Cloud        Conj/Pois/Air  #####...     1%          3    None
d - Ensorcelled Hibernat  Hex/Ice        #####.       1%          2    None
e - Tukima's Dance        Hex            #####...     2%          3    None

Your spell library contained the following spells:

 Spells                   Type           Power        Failure   Level  Hunger
 Corona                   Hex            #####..      1%          1    None
 Sandblast                Erth           #####.       1%          1    None
 Shock                    Conj/Air       ####         1%          1    None
 Passwall                 Tmut/Erth      #####...     1%          2    None
 Slow                     Hex            #####...     1%          2    None
 Swiftness                Chrm/Air       #####...     1%          2    None
 Ignite Poison            Fire/Tmut/Pois #####...     1%          3    None
 Confusing Touch          Hex            #####...     2%          3    None
 Dazzling Flash           Conj/Hex       #####.       2%          3    None
 Gell's Gravitas          Tloc           #####.....   2%          3    None
 Inner Flame              Hex/Fire       #####...     2%          3    None
 Portal Projectile        Hex/Tloc       #####.       2%          3    None
 Static Discharge         Conj/Air       #####...     2%          3    None
 Stone Arrow              Conj/Erth      #####.       2%          3    None
 Olgreb's Toxic Radiance  Pois           #####...     3%          4    ##.....
 Petrify                  Tmut/Erth      #####...     7%          4    ##.....
 Airstrike                Air            #####.....   8%          4    ##.....
 Cause Fear               Hex            #####.....   8%          4    ##.....
 Leda's Liquefaction      Hex/Erth       #####.....   8%          4    ##.....
 Yara's Violent Unravell  Hex/Tmut       #####.....   19%         5    #####..
 Lee's Rapid Deconstruct  Erth           #####.....   21%         5    #####..
 Lightning Bolt           Conj/Air       #####.....   21%         5    #####..
 Metabolic Englaciation   Hex/Ice        #####.....   21%         5    #####..


Dungeon Overview and Level Annotations

Branches:
Dungeon (12/15)            Temple (1/1) D:7            Lair (0/6) D:11
    Orc (0/2) D:12         Bailey (visited)

Altars:
Fedhas
Hepliaklqana
Okawaru
Qazlal
Ru
Sif Muna
Trog
The Shining One

Shops:
D:4 =}}%

Portals:
Ice
Cave: D:12


Innate Abilities, Weirdness & Mutations

Your experience applies equally to all skills.
((You have very sharp teeth.))
You are somewhat unskilled. (-1 Apt)
Your uncanny sense of smell can sniff out nearby items.


Message History

The acid dragon is severely wounded.
The acid dragon bites you but does no damage.
The acid dragon claws you but does no damage.
The ice beast hits you but does no damage.
You block the ice beast's attack.
Unknown command.
You hit the acid dragon.
The acid dragon is almost dead.
The acid dragon spits acid at you.
The splash of acid hits you but does no damage.
The acid corrodes you!
You are splashed with acid!
* * * LOW HITPOINT WARNING * * *
The ice beast hits you but does no damage. x2
You completely miss the acid dragon.
The acid dragon is almost dead.
The acid dragon spits acid at you. The splash of acid hits you.
* * * LOW HITPOINT WARNING * * *
The acid corrodes you!
You are splashed with acid!
You die...

#........#.....'..............
#........#.....#..............
#...##.####...####.....###...#
#...#######...########## #...#
#......#........# #...#
#......#........# #....
#......#........# #....
#......#.....YY.# #....
#......#.....♣D.# #....
#......#........# #....
#.<...########### #...#
#.....## ######...# #......#
#>........ #......# #.........
#......# #......... #.....##
#........# ####### ##########


You could see an acid dragon and 2 ice beasts.

Vanquished Creatures
  Harold (D:7)
  3 two-headed ogres
  A tengu warrior (D:9)
  An orc knight (Bailey)
  An oklob plant (D:11)
  A deep elf mage (D:9)
  An orc sorcerer (D:9)
  A gargoyle (D:10)
  A kobold demonologist (D:9)
  2 trolls (D:9)
  A hornet (D:11)
  4 hippogriffs
  A meliai zombie (D:11)
  2 yaks (D:9)
  A steam dragon (D:9)
  A vampire mosquito (D:9)
  A hungry ghost (D:9)
  An acid dragon (D:9)
  Duvessa (D:7)
  6 orc warriors
  2 ice beasts
  2 sky beasts
  2 hornet zombies
  A necrophage (D:6)
  A phantom (D:4)
  3 ogres
  3 centaurs
  5 bullfrogs
  A water moccasin zombie (D:9)
  Dowan (D:7)
  3 scorpions
  10 killer bees
  A water moccasin skeleton (D:7)
  4 wights (D:7)
  An electric eel (D:10)
  9 howler monkeys
  7 crimson imps
  2 bullfrog zombies
  A centaur zombie (D:5)
  A quasit (D:10)
  A hound (D:4)
  3 bullfrog skeletons
  5 jellies
  8 orc wizards
  2 centaur skeletons
  2 iguanas
  11 worker ants
  A hound skeleton (D:4)
  Robin (D:3)
  2 gnolls (Bailey)
  A howler monkey zombie (D:5)
  14 adders
  A howler monkey skeleton (D:9)
  2 oozes
  3 adder skeletons
  4 worms
  3 dart slugs
  5 leopard geckos
  30 orcs
  3 bats
  10 giant cockroaches
  20 goblins
  8 hobgoblins
  16 jackals
  3 quokkas
  7 ball pythons
  3 frilled lizards
  2 jackal skeletons (D:4)
  20 kobolds
  2 leopard gecko skeletons
  A quokka skeleton (D:4)
  6 rats
292 creatures vanquished.

Vanquished Creatures (others)
  A goblin (D:8)
  A plant (D:5)
2 creatures vanquished.

Grand Total: 294 creatures vanquished

Notes
Turn   | Place    | Note
-------+----------+-------------------------------------------
     0 | D:1      | MisterFreud the Gnoll Venom Mage began the quest for the
                  | Orb.
     0 | D:1      | Reached XP level 1. HP: 13/13 MP: 6/6
   296 | D:1      | Reached XP level 2. HP: 19/19 MP: 5/7
   319 | D:1      | Learned a level 2 spell: Poisonous Vapours
   964 | D:2      | Reached XP level 3. HP: 25/25 MP: 6/9
  1040 | D:2      | Reached skill level 5 in Spellcasting
  1179 | D:2      | Reached skill level 1 in Invocations
  1470 | D:2      | Reached skill level 1 in Fighting
  1470 | D:2      | Reached skill level 1 in Short Blades
  1470 | D:2      | Reached skill level 1 in Long Blades
  1470 | D:2      | Reached skill level 1 in Axes
  1470 | D:2      | Reached skill level 1 in Maces & Flails
  1470 | D:2      | Reached skill level 1 in Polearms
  1470 | D:2      | Reached skill level 1 in Staves
  1470 | D:2      | Reached skill level 1 in Slings
  1470 | D:2      | Reached skill level 1 in Bows
  1470 | D:2      | Reached skill level 1 in Crossbows
  1470 | D:2      | Reached skill level 1 in Throwing
  1470 | D:2      | Reached skill level 1 in Armour
  1470 | D:2      | Reached skill level 1 in Shields
  1470 | D:2      | Reached skill level 1 in Unarmed Combat
  1470 | D:2      | Reached skill level 1 in Evocations
  1637 | D:2      | Reached XP level 4. HP: 31/32 MP: 7/11
  1819 | D:3      | Noticed Robin
  1839 | D:3      | Killed Robin
  1954 | D:2      | Reached skill level 1 in Conjurations
  1954 | D:2      | Reached skill level 1 in Hexes
  1954 | D:2      | Reached skill level 1 in Charms
  1954 | D:2      | Reached skill level 1 in Summonings
  1954 | D:2      | Reached skill level 1 in Necromancy
  1954 | D:2      | Reached skill level 1 in Translocations
  1954 | D:2      | Reached skill level 1 in Fire Magic
  1954 | D:2      | Reached skill level 1 in Ice Magic
  1954 | D:2      | Reached skill level 1 in Air Magic
  1954 | D:2      | Reached skill level 1 in Earth Magic
  2012 | D:3      | Reached XP level 5. HP: 8/37 MP: 12/12
  2223 | D:3      | Learned a level 3 spell: Mephitic Cloud
  2226 | D:3      | Learned a level 2 spell: Ensorcelled Hibernation
  2230 | D:3      | Learned a level 3 spell: Tukima's Dance
  2753 | D:3      | You fall into a shaft and drop 3 floors!
  2823 | D:6      | Noticed a centaur
  2869 | D:5      | Entered Level 5 of the Dungeon
  2912 | D:5      | Reached XP level 6. HP: 44/44 MP: 13/13
  2926 | D:5      | Noticed an ice beast
  3259 | D:5      | Reached skill level 5 in Dodging
  3337 | D:4      | Found Xadefuu's Gadget Emporium.
  3339 | D:4      | Found Commoi Alol's Gadget Emporium.
  3372 | D:4      | Found Ogoa's Food Boutique.
  3373 | D:4      | Noticed a phantom
  3595 | D:4      | Reached XP level 7. HP: 36/50 MP: 3/15
  3865 | D:4      | Found Xasche's Jewellery Boutique.
  4451 | D:5      | Reached skill level 5 in Stealth
  4537 | D:5      | Reached XP level 8. HP: 12/57 MP: 14/16
  4563 | D:5      | Identified the +7 trident of Udghun {pierce, +Rage rF- rC+
                  | Dex+2}
  5738 | D:6      | Got a silken robe
  5749 | D:6      | Identified the +2 robe "Jit Nes" {rCorr} (You found it on
                  | level 6 of the Dungeon)
  6473 | D:7      | Found a hazy altar of Hepliaklqana.
  6544 | D:7      | Reached XP level 9. HP: 65/65 MP: 15/18
  6560 | D:7      | Found a staircase to the Ecumenical Temple.
  6595 | Temple   | Entered the Ecumenical Temple
  6606 | Temple   | Became a worshipper of Ru the Awakened
  6867 | D:7      | Found a hazy altar of Hepliaklqana.
  6950 | D:7      | Noticed Harold
  6964 | D:7      | Killed Harold
  7046 | D:7      | Reached skill level 5 in Invocations
  7083 | D:7      | Noticed Dowan
  7088 | D:7      | Killed Dowan
  7089 | D:7      | Noticed Duvessa
  7103 | D:7      | Killed Duvessa
  7581 | D:8      | Reached XP level 10. HP: 73/73 MP: 20/20
  7601 | D:8      | Noticed a two-headed ogre
  7609 | D:8      | Killed a two-headed ogre
  7609 | D:8      | Reached skill level 5 in Fighting
  7609 | D:8      | Reached skill level 5 in Short Blades
  7609 | D:8      | Reached skill level 5 in Long Blades
  7609 | D:8      | Reached skill level 5 in Axes
  7609 | D:8      | Reached skill level 5 in Maces & Flails
  7609 | D:8      | Reached skill level 5 in Polearms
  7609 | D:8      | Reached skill level 5 in Staves
  7609 | D:8      | Reached skill level 5 in Slings
  7609 | D:8      | Reached skill level 5 in Bows
  7609 | D:8      | Reached skill level 5 in Crossbows
  7609 | D:8      | Reached skill level 5 in Throwing
  7609 | D:8      | Reached skill level 5 in Armour
  7609 | D:8      | Reached skill level 5 in Shields
  7609 | D:8      | Reached skill level 5 in Unarmed Combat
  7609 | D:8      | Reached skill level 5 in Evocations
  7689 | D:8      | Found a flagged portal.
  7697 | Bailey   | Entered a bailey
  7698 | Bailey   | Gained mutation: You are somewhat unskilled. (-1 Apt) [Ru
                  | sacrifice]
  7698 | Bailey   | Reached * piety under Ru
  7698 | Bailey   | Reached ** piety under Ru
  7762 | Bailey   | Noticed an orc knight
  7996 | Bailey   | Killed an orc knight
  9340 | D:9      | Found a sacrificial altar of Ru.
  9373 | D:9      | Found the -2 hat of the Alchemist {rElec rPois rF+ rC+ rN+
                  | MR+ rMut rCorr}
  9415 | D:9      | Reached skill level 5 in Fighting
  9415 | D:9      | Reached skill level 5 in Short Blades
  9415 | D:9      | Reached skill level 5 in Long Blades
  9415 | D:9      | Reached skill level 5 in Axes
  9415 | D:9      | Reached skill level 5 in Maces & Flails
  9415 | D:9      | Reached skill level 5 in Polearms
  9415 | D:9      | Reached skill level 5 in Staves
  9415 | D:9      | Reached skill level 5 in Slings
  9415 | D:9      | Reached skill level 5 in Bows
  9415 | D:9      | Reached skill level 5 in Crossbows
  9415 | D:9      | Reached skill level 5 in Throwing
  9415 | D:9      | Reached skill level 5 in Armour
  9415 | D:9      | Reached skill level 5 in Shields
  9415 | D:9      | Reached skill level 5 in Unarmed Combat
  9415 | D:9      | Reached skill level 5 in Evocations
  9835 | D:9      | Noticed a deep elf mage
  9837 | D:9      | Noticed a kobold demonologist
  9843 | D:9      | Noticed a sixfirhy
  9844 | D:9      | Noticed a sun demon
  9847 | D:9      | Noticed an orc sorcerer
  9848 | D:9      | Killed a kobold demonologist
  9863 | D:9      | Killed an orc sorcerer
  9863 | D:9      | Reached XP level 11. HP: 29/80 MP: 15/21
  9868 | D:9      | Killed a deep elf mage
 10143 | D:9      | Noticed a tengu warrior
 10147 | D:9      | Noticed a two-headed ogre
 10161 | D:9      | Killed a two-headed ogre
 10166 | D:9      | Killed a tengu warrior
 10166 | D:9      | Reached skill level 5 in Transmutations
 10283 | D:9      | Noticed a two-headed ogre
 11315 | D:9      | Killed a two-headed ogre
 11641 | D:10     | Entered Level 10 of the Dungeon
 12085 | D:11     | Found a glowing golden altar of the Shining One.
 12090 | D:11     | Noticed an oklob plant
 12498 | D:11     | Found a staircase to the Lair.
 12679 | D:11     | Killed an oklob plant
 12679 | D:11     | Reached skill level 5 in Conjurations
 12679 | D:11     | Reached skill level 5 in Hexes
 12679 | D:11     | Reached skill level 5 in Charms
 12679 | D:11     | Reached skill level 5 in Summonings
 12679 | D:11     | Reached skill level 5 in Necromancy
 12679 | D:11     | Reached skill level 5 in Translocations
 12679 | D:11     | Reached skill level 5 in Fire Magic
 12679 | D:11     | Reached skill level 5 in Ice Magic
 12679 | D:11     | Reached skill level 5 in Air Magic
 12679 | D:11     | Reached skill level 5 in Earth Magic
 12809 | D:12     | Found a frozen archway.
 12843 | D:11     | Splashed by an acid dragon's acid

Levels and vault maps discovered:
D:1:      minmay_arrival_four_loops, layout_basic, minmay_misc_feat_four_crosses
D:2:      layout_loops_ring, minmay_crystal_room
D:3:      layout_rooms, first_ration, uniq_robin
D:4:      layout_rooms, serial_shops, shop_statue, nicolae_shop_behind_doors,
          shop, nicolae_shop_stone, minmay_snake_closets
D:5:      layout_loops_ring, minmay_misc_feat_rows, moated_statue,
          dk_noncrumbling_2, saegor_snake_ambush
D:6:      layout_layer_cave
D:7:      layout_cave_pods, overflow_temple_1_default,
          minmay_temple_entry_slanted, basic_altar, uniq_duvessa, uniq_harold
D:8:      layout_basic, enter_bailey_3
D:9:      minmay_the_grid_4x2 [minmay_the_grid_tri_star,
          minmay_the_grid_minigrid_large, minmay_the_grid_expand,
          minmay_the_grid_minigrid_medium, minmay_the_grid_holed_spiral,
          minmay_the_grid_tree, minmay_the_grid_zigzag_pyramid,
          minmay_the_grid_prize_inner_circle], layout_cave_pods,
          nicolae_ru_great_annihilating_truth
D:10:     layout_big_octagon, grunt_ogre_cave, chequers_hall_statues_wall_a,
          small_statue_alley_a
D:11:     layout_gridville, dpeg_oklobed_lair, tso_metal_star
D:12:     layout_long_grid, hiddenorc2_lemuel, special_room [special_room_bee],
          trove_entry_hex_spiral, portal_ice_cave_entry_ice_beasts,
          ploomutoo_gammafunk_ghost_potion_laboratory, minmay_hedge_maze,
          fedhas_altar_1
Temple:   nicolae_temple_the_god_donut

Skill      XL: |  1  2  3  4  5  6  7  8  9 10 11 |
---------------+----------------------------------+-----
Transmutations | 2 3 4 5 |  5.4
Spellcasting   | 5 6 7 |  7.6
Invocations    | 1 2 3 4 5 6 |  6.6
Fighting       | 1 2 3 4 5 6 |  6.0
Short Blades   | 1 2 3 4 5 6 |  6.0
Long Blades    | 1 2 3 4 5 6 |  6.0
Axes           | 1 2 3 4 5 6 |  6.0
Maces & Flails | 1 2 3 4 5 6 |  6.0
Polearms       | 1 2 3 4 5 6 |  6.0
Staves         | 1 2 3 4 5 6 |  6.0
Slings         | 1 2 3 4 5 6 |  6.0
Bows           | 1 2 3 4 5 6 |  6.0
Crossbows      | 1 2 3 4 5 6 |  6.0
Throwing       | 1 2 3 4 5 6 |  6.0
Armour         | 1 2 3 4 5 6 |  6.0
Shields        | 1 2 3 4 5 6 |  6.0
Unarmed Combat | 1 2 3 4 5 6 |  6.0
Evocations     | 1 2 3 4 5 6 |  6.0
Conjurations   | 1 2 3 4 5 |  5.0
Hexes          | 1 2 3 4 5 |  5.0
Charms         | 1 2 3 4 5 |  5.0
Summonings     | 1 2 3 4 5 |  5.0
Necromancy     | 1 2 3 4 5 |  5.0
Translocations | 1 2 3 4 5 |  5.0
Fire Magic     | 1 2 3 4 5 |  5.0
Ice Magic      | 1 2 3 4 5 |  5.0
Air Magic      | 1 2 3 4 5 |  5.0
Earth Magic    | 1 2 3 4 5 |  5.0
Dodging        | 5 6 7 |  7.4
Stealth        | 5 6 7 |  7.2
Poison Magic   | 6 7 |  7.1

Action                   |  1- 3 |  4- 6 |  7- 9 | 10-12 || total
-------------------------+-------+-------+-------+-------++-------
Melee: Club              |    12 |       |       |       ||    12
       Unarmed           |     1 |       |       |       ||     1
       Bite              |     3 |    19 |    24 |    39 ||    85
       Whip              |     7 |    91 |    70 |       ||   168
       Punch             |       |     1 |     4 |       ||     5
       Trident           |       |       |   168 |   454 ||   622
Throw: Stone             |       |       |       |    31 ||    31
       Dart              |       |       |       |     4 ||     4
 Cast: Sting             |    38 |    90 |    54 |       ||   182
       Poisonous Vapours |       |     2 |       |       ||     2
       Mephitic Cloud    |       |     5 |     6 |    26 ||    37
       Ensorcelled Hiber |       |       |     2 |     3 ||     5
Invok: Sacrifice Skill   |       |       |       |     1 ||     1
       Reject Sacrifices |       |       |       |     1 ||     1
 Abil: Evoke Berserk Rag |       |       |     2 |       ||     2
       Evoke Flight      |       |       |       |     4 ||     4
Evoke: Wand              |       |     2 |     5 |       ||     7
  Use: Scroll            |     4 |     1 |     6 |     9 ||    20
       Potion            |       |       |       |     2 ||     2
 Stab: Sleeping          |     1 |       |     7 |    14 ||    22
       Confused          |       |     2 |     7 |    23 ||    32
       Distracted        |       |       |     3 |     6 ||     9
  Eat: Chunk             |     2 |     6 |    11 |    15 ||    34
       Ration            |       |       |     1 |     1 ||     2
Armor: Robe              |    14 |    45 |    35 |    61 ||   155
       Skin              |       |       |       |     7 ||     7
Dodge: Dodged            |    26 |   139 |   128 |   260 ||   553
Block: Buckler           |       |       |    39 |   152 ||   191

Table legend:
 A = Non-vault XP
 B = Vault XP
 C = Vault XP percentage of total XP
 D = Non-vault monster count
 E = Vault monster count
 F = Vault count percentage of total count
                 A         B        C        D         E       F
            +---------+---------+-------+---------+---------+-------
      Total |    9754 |    7684 |  44.1 |     207 |      86 |  29.4
            +---------+---------+-------+---------+---------+-------
        D:1 |      31 |       0 |   0.0 |      15 |       0 |   0.0
        D:2 |      62 |      10 |  13.9 |      17 |       5 |  22.7
        D:3 |     175 |      26 |  12.9 |      22 |       7 |  24.1
        D:4 |     380 |      73 |  16.1 |      14 |      10 |  41.7
        D:5 |     642 |       1 |   0.2 |      24 |       1 |   4.0
        D:6 |     697 |       0 |   0.0 |      19 |       0 |   0.0
        D:7 |    1356 |    1176 |  46.4 |      33 |       3 |   8.3
        D:8 |    1574 |       5 |   0.3 |      14 |       4 |  22.2
        D:9 |    3008 |    4476 |  59.8 |      32 |      27 |  45.8
       D:10 |     731 |     118 |  13.9 |       7 |       1 |  12.5
       D:11 |    1098 |     580 |  34.6 |      10 |       1 |   9.1
     Bailey |       0 |    1219 | 100.0 |       0 |      27 | 100.0
            +---------+---------+-------+---------+---------+-------
